 Dungeon Crawl Stone Soup version 0.19-a0-1908-g43c011f (webtiles) character file.

139 Jorund the Covered (level 5, -3/41 HPs)
             Began as a Formicid Fighter on Oct 22, 2016.
             Slain by an ogre
             ... wielding a +0 giant spiked club
              (24 damage)
             ... on level 3 of the Dungeon.
             The game lasted 00:03:17 (1848 turns).

Jorund the Covered (Formicid Fighter)               Turns: 1848, Time: 00:03:17

Health: -3/41      AC:  7    Str: 21    XL:     5   Next: 46%
Magic:  5/5        EV:  9    Int:  8    God:
Gold:   149        SH:  0    Dex: 10    Spells: 0 memorised, 4 levels left

rFire  . . .     SeeInvis +     a - +0 war axe
rCold  . . .     Gourm    .     b - +0 scale mail
rNeg   . . .     Faith    .     (no shield)
rPois  .         Spirit   .     (helmet unavailable)
rElec  .         Reflect  .     (no cloak)
rCorr  .         Harm     .     (no gloves)
MR     .....                    (no boots)
Stlth  +.........               s - amulet of magic regeneration
                                (no ring)
                                j - ring of stealth

@: no status effects
A: permanent stasis, dig shafts and tunnels, four strong arms, antennae 3
a: Dig, Shaft Self


You were on level 3 of the Dungeon.
You were not hungry.

You visited 1 branch of the dungeon, and saw 3 of its levels.

You collected 149 gold pieces.

Inventory:

Hand Weapons
 a - a +0 war axe (weapon)
 o - a +0 war axe
Armour
 b - a +0 scale mail (worn)
 c - a +0 shield
 h - a +0 plate armour
Jewellery
 j - a ring of stealth (left hand)
 s - an amulet of magic regeneration (around neck)
Wands
 v - a wand of lightning (8/15)
 w - a wand of slowing (16/48)
Scrolls
 g - a scroll of teleportation
 i - 4 scrolls of remove curse
 k - a scroll of magic mapping {unknown}
 n - a scroll of recharging {unknown}
 q - a scroll of enchant armour {unknown}
 r - a scroll of fear {unknown}
 t - 2 scrolls of identify {unknown}
 u - a scroll of amnesia {unknown}
 x - a scroll of enchant weapon {unknown}
Potions
 e - a potion of magic {unknown}
 l - 2 potions of curing {unknown}
 p - 2 potions of invisibility {unknown}
Comestibles
 f - 2 bread rations
 m - 2 meat rations


   Skills:
 - Level 3.2 Fighting
 + Level 3.9 Axes
 + Level 5.0 Armour
 - Level 3.6 Shields


You had 4 spell levels left.
You didn't know any spells.

Dungeon Overview and Level Annotations

Branches:
Dungeon (3/15)

Altars:
Elyvilon
Qazlal


Innate Abilities, Weirdness & Mutations

You are under a permanent stasis effect.
You can dig through walls and to a lower floor.
Your four strong arms can wield two-handed weapons with a shield.
You have a pair of large antennae on your head. (SInv)


Message History

You hit the ogre.
The ogre is heavily wounded.
You hit the ogre.
The ogre is heavily wounded.
The ogre closely misses you.
Unknown command.
You hit the ogre.
The ogre is severely wounded.
The ogre closely misses you.
You barely miss the ogre.
The ogre is severely wounded.
You barely miss the ogre.
The ogre is severely wounded.
The ogre closely misses you.
All of the chunks of flesh in your inventory have rotted away.
You barely miss the ogre.
The ogre is severely wounded.
The ogre hits you with a giant spiked club!!
Ouch! That really hurt!
You die...

#)..# ...♣##.# #...# ....
#..# #...# ... ##..# # #.#.#
#...####.# # #...###
###.....>... . #.....###
###...####.#.# #
#.###...#######............#
# #.#
###........O.###.###.### #
#.# ##.##...@.# #.# #.# #
#.# #.......## #.# #.# # #.#
####.#.#### #.# #.###### #.#
####.#....###.###....... #.#
#.......#..........#####
##.## #.......#####.####.#
#...#####.......#####.####.#
#..........................#
#...#####.......#####.######


You could see an ogre.

Vanquished Creatures
  5 adders
  4 gnolls (D:3)
  A worm (D:2)
  A dart slug (D:3)
  A leopard gecko (D:1)
  An orc (D:3)
  3 giant cockroaches
  2 goblins (D:2)
  8 hobgoblins
  2 jackals (D:2)
  8 bats
  4 frilled lizards
  8 kobolds
  7 rats
55 creatures vanquished.

Notes
Turn   | Place    | Note
-------+----------+-------------------------------------------
     0 | D:1      | Jorund the Formicid Fighter began the quest for the Orb.
     0 | D:1      | Reached XP level 1. HP: 18/18 MP: 1/1
    95 | D:1      | Reached XP level 2. HP: 21/24 MP: 2/2
   416 | D:2      | Reached skill level 4 in Armour
   417 | D:2      | Reached XP level 3. HP: 27/29 MP: 3/3
   628 | D:2      | Reached XP level 4. HP: 15/35 MP: 4/4
   884 | D:2      | Found a stormy altar of Qazlal.
  1289 | D:3      | Reached XP level 5. HP: 20/41 MP: 5/5
  1508 | D:3      | Noticed an ogre
  1600 | D:3      | Reached skill level 5 in Armour
  1774 | D:3      | Found a white marble altar of Elyvilon.
  1848 | D:3      | Slain by an ogre

Vault maps used:
D:1:      saegor_arrival_simple_d
D:2:      nicolae_overflow_hidden_temple, serial_corexii_hall,
          corexii_hall_statues_i, corexii_hall_statues_x,
          corexii_hall_statues_i, hangedman_decor_points
D:3:      kennysheep_ying_yang, first_bread

Skill      XL: |  1  2  3  4  5 |
---------------+----------------+-----
Armour         | 4 5 |  5.0
Axes           | 3 |  3.9
Fighting       | |  3.2
Shields        | |  3.6

Action                   |  1- 3 |  4- 6 || total
-------------------------+-------+-------++-------
Melee: War axe           |    91 |    81 ||   172
Evoke: Wand              |       |     3 ||     3
  Use: Potion            |       |     1 ||     1
       Scroll            |       |     2 ||     2
  Eat: Chunk             |       |     3 ||     3
Armor: Scale mail        |    84 |    28 ||   112
Dodge: Dodged            |    68 |    41 ||   109
